 Dungeon Sprint DCSS version 0.29-a0-813-g4a14ea37d6 (webtiles) character file.

Game seed: 860807088175884976

261 mhtbhm the Cleaver (level 6, 0/66 HPs)
             Began as a Kobold Berserker on July 4, 2022.
             Was an Elder of Trog.
             Slain by Jessica
             ... wielding a +0 club
              (5 damage)
             ... in the Dungeon (Sprint VII: "The Pits").
             The game lasted 00:00:56 (685 turns).

mhtbhm the Cleaver (Kobold Berserker)                Turns: 685, Time: 00:00:57

Health: 0/66       AC:  8    Str: 16    XL:     6   Next: 41%
Magic:  6/6        EV: 14    Int:  8    God:    Trog [****..]
Gold:   0          SH:  0    Dex: 15    Spells: 5/5 levels left

rFire   . . .      SeeInvis .   a - +2 hand axe (freeze)
rCold   . . .      Faith    .   (no shield)
rNeg    . . .      Spirit   .   b - +3 ring mail
rPois   .          Reflect  .   (no helmet)
rElec   .          Harm     .   (no cloak)
rCorr   .          Rampage  .   (no gloves)
Will    .....      NoTele   +   (no boots)
Stlth   ..........              (no amulet)
HPRegen 0.21/turn               (no ring)
MPRegen 0.10/turn               (no ring)

@: berserking (expiring), very quick
A: small, no large weapons, nightstalker 3
a: Renounce Religion, Berserk, Trog's Hand, Brothers in Arms


You were in the Dungeon.
You worshipped Trog.
Trog was greatly pleased with you.
You visited 1 branch

Inventory:

Hand Weapons
 a - a +2 hand axe of freezing (weapon)
Armour
 b - a +3 ring mail (worn)
Scrolls
 h - a scroll of blinking
 j - a scroll of summoning
Potions
 c - 6 potions of curing
 d - 6 potions of heal wounds
 e - a potion of haste
 f - 4 potions of magic
 g - 3 potions of berserk rage
 i - 2 potions of invisibility


   Skills:
 + Level 7.1 Fighting
 * Level 8.6 Axes
 + Level 3.4 Armour
 + Level 4.4 Dodging
 + Level 0.8 Stealth


You had 5 spell levels left.
You didn't know any spells.
Your spell library was empty.

Dungeon Overview and Level Annotations

Branches:
Dungeon (1/1)

Altars:

Annotations:
D Jessica


Innate Abilities, Weirdness & Mutations

You are small and have problems with some larger weapons.
You are completely attuned to the shadows.


Message History

You barely miss the flying skull.
The flying skull is moderately damaged.
Jessica shouts!
The flying skull hits you.
You slash the flying skull! You freeze the flying skull.
The flying skull is almost destroyed.
The flying skull misses you.
Jessica zaps a wand.
The roots erupt in riotous growth!
The flying skull is unaffected.
The grasping roots grab you! The grasping roots constrict you.
You hit the flying skull but do no damage.
The flying skull is almost destroyed.
The flying skull closely misses you.
Jessica gestures wildly while chanting.
Jessica seems to speed up.
The grasping roots constrict you.
* * * LOW HITPOINT WARNING * * *
You barely miss the flying skull.
The flying skull is almost destroyed.
The flying skull hits you but does no damage.
The grasping roots constrict you.
* * * LOW HITPOINT WARNING * * *
You hit the flying skull.
You destroy the flying skull!
Trog accepts your kill. The grasping roots constrict you.
* * * LOW HITPOINT WARNING * * *
Your Fighting skill gained 2 levels and is now at level 7!
Your Axes skill gained 2 levels and is now at level 8!
Your Armour skill increases to level 3!
Your Dodging skill increases to level 4!
You have reached level 6!
You escape the roots grasp.
Jessica casts a spell at you. Pain shoots through your body!
* * * LOW HITPOINT WARNING * * *
You closely miss Jessica. Jessica closely misses you.
You hit Jessica. You freeze Jessica.
Jessica is severely wounded.
Jessica hits you with a +0 club.
You die...

#.?(.')))'.##.....
##########.##.....
#...........'.....
#'#####'#####.....
#.#..#.)#..##.....
#.#..)..'..#####'#
#)##รท####+###.....
#.#........##.....
#@#........##.....
#@#####'#####...<.
#.#...)[)[.##.....
#.#...)))..##.....
#'###########.....
#..... ######
#...#S #...# #.##z#


You could see Jessica (fast).

Vanquished Creatures
  A flying skull (D)
  A scorpion (D)
  A gnoll (D)
  2 river rats (D)
  An adder zombie (D)
  An adder skeleton (D)
  An orc (D)
  A goblin (D)
  A hobgoblin (D)
  A frilled lizard (D)
  A giant cockroach zombie (D)
12 creatures vanquished.

Notes
Turn   | Place    | Note
-------+----------+-------------------------------------------
     0 | D        | mhtbhm the Kobold Berserker began the quest for the Orb.
     0 | D        | Reached XP level 1. HP: 14/14 MP: 1/1
    18 | D        | Reached skill level 3 in Axes
   168 | D        | Noticed a scorpion
   173 | D        | Reached ** piety under Trog
   174 | D        | Reached XP level 2. HP: 20/20 MP: 2/2
   177 | D        | Killed a scorpion
   178 | D        | Reached skill level 5 in Fighting
   178 | D        | Reached skill level 5 in Axes
   178 | D        | Reached XP level 3. HP: 26/26 MP: 3/3
   178 | D        | Reached XP level 4. HP: 31/31 MP: 4/4
   340 | D        | Reached *** piety under Trog
   353 | D        | Reached skill level 6 in Axes
   638 | D        | Noticed a flying skull
   656 | D        | Reached **** piety under Trog
   657 | D        | Reached XP level 5. HP: 36/36 MP: 5/5
   677 | D        | Noticed Jessica
   682 | D        | Killed a flying skull
   683 | D        | Reached skill level 8 in Axes
   683 | D        | Reached XP level 6. HP: 15/44 MP: 6/6
   685 | D        | Slain by Jessica

Illustrated notes

Levels and vault maps discovered:
D:        pitsprint [storerooms_1, entrance_room_1, metal_vault_2, armoury_1,
          mini_pit_1, grid_room_1, main_hall_1, silver_pit, the_coven_2,
          the_vestibule_1, steel_vault_2, golden_pit, hallway_of_sentries,
          crystal_vault_2, iron_vault_4, final_vault]

Skill      XL: |  1  2  3  4  5 |
---------------+----------------+-----
Axes           | 3 5 6 8 |  8.6
Fighting       | 5 7 |  7.1
Armour         | 2 3 |  3.4
Dodging        | 3 4 |  4.4
Stealth        | |  0.8

Action                   |  1- 3 |  4- 6 || total
-------------------------+-------+-------++-------
Melee: Hand axe          |    13 |    44 ||    57
Invok: Berserk           |     1 |     1 ||     2
Armor: Animal skin       |     2 |     1 ||     3
       Ring mail         |       |     4 ||     4
Dodge: Dodged            |     9 |    36 ||    45

Table legend: (Time is in decaauts)
 A = Elapsed time spent in this place.
 B = Non-inter-level travel time spent in this place.
 C = Inter-level travel time spent in this place.
 D = Time resting spent in this place.
 E = Time spent auto-exploring this place.
 F = Levels seen in this place.
 G = Mean time per level.
                   A        B        C        D        E       F      G
               +--------+--------+--------+--------+--------+-----+--------+
         Total |    696 |    696 |      0 |    492 |      0 |   1 |  696.0 |
       Dungeon |    696 |    696 |      0 |    492 |      0 |   1 |  696.0 |
               +--------+--------+--------+--------+--------+-----+--------+

Top non-repeatable levels by time:
       D: 696 daAuts
